 Dungeon Crawl Stone Soup version 0.31-a0-174-g85c54bcb58 (webtiles) character file.

Game seed: 5481973807972569016

401 qw the Shooter (level 6, -4/39 HPs)
             Began as a Gargoyle Hunter on June 15, 2023.
             Slain by an orc priest
             ... wielding a +0 whip
              (5 damage)
             ... on level 4 of the Dungeon.
             The game lasted 00:01:28 (3605 turns).

qw the Shooter (Gargoyle Hunter)                    Turns: 3605, Time: 00:01:28

Health: -4/39      AC: 11    Str: 14    XL:     6   Next: 85%
Magic:  6/6        EV: 10    Int: 10    God:
Gold:   273        SH:  0    Dex: 15    Spells: 5/5 levels left

rFire   . . .        Y - +0 shortbow
rCold   . . .        (shield currently unavailable)
rNeg    + . .        e - +0 ring mail
rPois   inf          (no helmet)
rElec   +            k - +0 cloak
rCorr   .            (no gloves)
SInv    .            c - +0 pair of boots
Will    .....        (no amulet)
Stlth   +            (no ring)
HPRegen 0.26/turn    (no ring)
MPRegen 0.10/turn

%: no passive effects
@: about to teleport
A: sickness immunity, AC +4, negative energy resistance 1, electricity
resistance, torment resistance 1, petrification resistance
a: no special abilities


You were on level 4 of the Dungeon.
You visited 1 branch of the dungeon, and saw 4 of its levels.

You collected 273 gold pieces.


Innate Abilities, Weirdness & Mutations

You are immune to sickness and miasma.
Your stone body is resilient. (AC +4)
You are immune to poison.
You resist negative energy. (rN+)
You are resistant to electric shocks. (rElec)
You are resistant to unholy torment.
You are immune to petrification.


   Skills:
 - Level 4.6 Fighting
 + Level 6.8 Ranged Weapons
 - Level 1.0 Armour
 - Level 1.5 Dodging
 - Level 1.1 Stealth


You had 5 spell levels left.
You didn't know any spells.
Your spell library was empty.

Inventory:

Hand Weapons
 Y - a +0 shortbow (weapon)
Armour
 c - a +0 pair of boots (worn)
 e - a +0 ring mail (worn)
 k - a +0 cloak (worn)
Wands
 d - a wand of digging (3)
Scrolls
 a - a scroll of teleportation
 f - a scroll of identify
Potions
 b - a potion of lignification {unknown}
 g - 2 potions of mutation
 i - a potion of magic
 l - a potion of curing

Dungeon Overview and Level Annotations

Branches:
Dungeon (4/15)
 Temple: D:4-7

Altars:
Elyvilon
Fedhas
Sif Muna
Trog
Vehumet
Xom

Annotations:
D:3 3 runed translucent doors, qw's ghost, amateur GrHu; qw's ghost, amateur NaHu


Message History

The orc is almost dead.
The orc hits you but does no damage.
You shoot an arrow. The arrow barely misses the orc.
The arrow hits the orc priest but does no damage.
The orc priest mumbles some strange prayers to Beogh against you.
Pain shoots through your body!
You shoot an arrow. The arrow hits the orc!
You kill the orc!
The orc priest invokes the aid of Beogh against you.
You barely resist. You shoot an arrow. The arrow hits the orc.
The orc is heavily wounded.
The orc priest mumbles some strange prayers to Beogh against you.
Beogh smites you!
You shoot an arrow.
The arrow hits the orc but does no damage.
The orc is heavily wounded.
The orc hits you with a +0 flail!
You shoot an arrow. The arrow closely misses the orc.
The arrow hits the orc priest!
The orc priest is heavily wounded.
The orc priest invokes the aid of Beogh against you.
Beogh smites you! The orc closely misses you.
3602 ||| READING 2 scrolls of teleportation.
As you read the scroll of teleportation, it crumbles to dust.
You feel strangely unstable. The orc closely misses you.
You shoot an arrow. The arrow hits the orc priest.
The orc priest is heavily wounded.
The orc priest hits you with a +0 whip. The orc hits you with a +0 flail.
You shoot an arrow.
The arrow hits the orc priest but does no damage.
The orc priest is heavily wounded.
The orc priest hits you but does no damage.
The orc hits you but does no damage.
You shoot an arrow.
The arrow completely misses the orc priest.
The orc priest begins to cast a cantrip, but forgets the words!
The orc hits you but does no damage. The orc priest hits you with a +0 whip.
You die...

#... #.## #.# #.#
##### #.# ...# #.#
##.#############.##
#.................#
#)@#############.##
#oo# ### #.)# #.?#
#..# #.)# #...
###### .... #.....
#.##..


You could see an orc priest and an orc.

Vanquished Creatures
  A phantom (D:4)
  2 jellies (D:4)
  2 orc priests
  2 hounds (D:4)
  3 adders
  An ufetubus (D:4)
  3 worms
  A dart slug (D:2)
  15 orcs
  4 bats
  8 endoplasms
  4 giant cockroaches
  7 goblins
  10 hobgoblins
  2 jackals (D:1)
  3 quokkas
  5 ball pythons
  4 frilled lizards
  7 kobolds
  5 rats
89 creatures vanquished.

Vanquished Creatures (others)
  A wizard (D:3)
1 creature vanquished.

Grand Total: 90 creatures vanquished

Notes
Turn   | Place    | Note
-------+----------+-------------------------------------------
     0 | D:1      | qw the Gargoyle Hunter began the quest for the Orb.
     0 | D:1      | Reached XP level 1. HP: 12/12 MP: 1/1
     0 | D:1      | 0 ||| qw: Version: 0.2-a-29-g511e9b1
     0 | D:1      | 0 ||| qw: Game counter: 5238
     0 | D:1      | 0 ||| qw: Always use a shield: true
     0 | D:1      | 0 ||| qw: God list: Okawaru
     0 | D:1      | 0 ||| qw: Allow faded altars: false
     0 | D:1      | 0 ||| qw: Do Orc after D:15 true
     0 | D:1      | 0 ||| qw: Do second Lair branch before Depths: true
     0 | D:1      | 0 ||| qw: Lair rune preference: random
     0 | D:1      | 0 ||| qw: Plans: Normal, Zot:1-4, Slime:5, God:TSO, Crypt,
                  | Tomb, Abyss, Pan, Hells, Win
     0 | D:1      | 0 ||| PLANNING D:1-11
   181 | D:1      | Reached XP level 2. HP: 17/17 MP: 2/2
   264 | D:1      | Reached XP level 3. HP: 11/21 MP: 3/3
   277 | D:1      | 277 ||| FLEEEEING.
   342 | D:1      | Reached skill level 5 in Ranged Weapons
   787 | D:1      | 787 ||| UPGRADING to +0 ring mail.
   797 | D:1      | 797 ||| DROPPING +0 leather armour.
   798 | D:1      | 798 ||| DROPPING scarf of invisibility.
   799 | D:1      | 799 ||| READING 2 scrolls labelled QELIUCWEOTT.
   804 | D:1      | 804 ||| READING 4 scrolls labelled AKUDDI FURUW.
   805 | D:1      | 805 ||| READING scroll labelled HYILEE LELE.
   806 | D:1      | 806 ||| READING scroll labelled RIDDI PIT KOS.
   823 | D:1      | 823 ||| DRINKING 2 green potions.
   824 | D:1      | 824 ||| READING 3 scrolls of identify.
   824 | D:1      | 824 ||| IDENTIFYING viscous inky potion
   825 | D:1      | 825 ||| READING 2 scrolls of identify.
   825 | D:1      | 825 ||| IDENTIFYING fuming blue potion
   826 | D:1      | 826 ||| DROPPING scroll of butterflies.
   960 | D:2      | Reached skill level 1 in Armour
  1276 | D:2      | Reached skill level 3 in Fighting
  1276 | D:2      | Reached XP level 4. HP: 26/28 MP: 4/4
  1341 | D:2      | 1341 ||| UPGRADING to +0 pair of boots.
  1346 | D:2      | 1346 ||| READING scroll labelled GUPALA DEPLE.
  1527 | D:3      | Found a shimmering blue altar of Sif Muna.
  1676 | D:3      | Found a shimmering altar of Xom.
  1729 | D:3      | Found a blossoming altar of Fedhas.
  2036 | D:3      | Reached XP level 5. HP: 32/32 MP: 5/5
  2040 | D:3      | Found a runed translucent gate.
  2040 | D:3      | Found a runed translucent gate.
  2043 | D:3      | Found a runed translucent gate.
  2046 | D:3      | Noticed qw's ghost (amateur NaHu)
  2046 | D:3      | Noticed qw's ghost (amateur GrHu)
  2117 | D:3      | Found a bloodstained altar of Trog.
  2119 | D:3      | Noticed a wizard
  2125 | D:3      | Killed a wizard
  2314 | D:3      | 2314 ||| DROPPING scarf of invisibility.
  2315 | D:3      | 2315 ||| READING scroll labelled BIEHYI BANOESOCU.
  2316 | D:3      | 2316 ||| READING scroll labelled ZACYEN GUZXYECS.
  2391 | D:4      | Reached skill level 6 in Ranged Weapons
  2449 | D:4      | Noticed a phantom
  2456 | D:4      | Killed a phantom
  2457 | D:4      | Reached XP level 6. HP: 34/39 MP: 6/6
  2563 | D:4      | Found a white marble altar of Elyvilon.
  2885 | D:4      | Found a radiant altar of Vehumet.
  2999 | D:4      | 2999 ||| FLEEEEING.
  3007 | D:4      | 3007 ||| FLEEEEING.
  3008 | D:4      | 3008 ||| FLEEEEING.
  3009 | D:4      | 3009 ||| FLEEEEING.
  3010 | D:4      | 3010 ||| FLEEEEING.
  3019 | D:4      | 3019 ||| STAIRDANCE
  3140 | D:3      | 3140 ||| UPGRADING to +0 cloak.
  3145 | D:3      | 3145 ||| READING scroll labelled FAQUNI WEIW.
  3246 | D:3      | 3246 ||| DRINKING 2 coppery potions.
  3353 | D:3      | 3353 ||| DROPPING potion of berserk rage.
  3601 | D:4      | HP: 4/39 [orc priest/divine providence (13)]
  3602 | D:4      | 3602 ||| READING 2 scrolls of teleportation.
  3603 | D:4      | HP: 1/39 [orc/+0 flail (2)]
  3605 | D:4      | Slain by an orc priest

Levels and vault maps discovered:
D:1:      saegor_arrival_fortress, layout_loops_ring
D:2:      layout_basic
D:3:      layout_loops_corners, lemuel_blue_sif_altar, xom_teletrap_fun,
          lemuel_round_altar, trog_wizard, gammafunk_ghost_cemetery
D:4:      layout_loops_ring, elyvilon_altar_3, nicolae_vehumet_radiance,
          chequers_arboretum, minmay_quadrilaterals

Skill      XL: |  1  2  3  4  5 |
---------------+----------------+-----
Ranged Weapons | 5 6 |  6.8
Armour         | 1 |  1.0
Fighting       | 3 4 |  4.6
Dodging        | |  1.5
Stealth        | |  1.1

Action                     |  1- 3 |  4- 6 || total
---------------------------+-------+-------++-------
   Fire: Shortbow          |   142 |   197 ||   339
    Use: Scroll            |     6 |     5 ||    11
         Potion            |     1 |     1 ||     2
 Armour: Leather armour    |    18 |       ||    18
         Ring mail         |    15 |    58 ||    73
  Dodge: Dodged            |    38 |    60 ||    98

Table legend:
 A = Non-vault XP
 B = Vault XP
 C = Vault XP percentage of total XP
 D = Non-vault monster count
 E = Vault monster count
 F = Vault count percentage of total count
                 A         B        C        D         E       F
            +---------+---------+-------+---------+---------+-------
      Total |     430 |     143 |  25.0 |      84 |       5 |   5.6
            +---------+---------+-------+---------+---------+-------
        D:1 |      42 |       0 |   0.0 |      25 |       0 |   0.0
        D:2 |      54 |       0 |   0.0 |      20 |       0 |   0.0
        D:3 |      72 |       0 |   0.0 |      16 |       0 |   0.0
        D:4 |     262 |     143 |  35.3 |      23 |       5 |  17.9
            +---------+---------+-------+---------+---------+-------
